 Dungeon Crawl Stone Soup version 0.21-a0-442-g848f44b (webtiles) character file.

34 theanonym the Skirmisher (level 3, 0/39 HPs)
             Began as an Ogre Monk on Nov 15, 2017.
             Succumbed to an adder's poison
             ... on level 2 of the Dungeon.
             The game lasted 00:01:27 (979 turns).

theanonym the Skirmisher (Ogre Monk)                 Turns: 979, Time: 00:01:28

Health: 0/39       AC:  3    Str: 16    XL:     3   Next: 31%
Magic:  3/3        EV: 10    Int: 11    God:
Gold:   14         SH:  0    Dex: 11    Spells: 2/2 levels left

rFire    . . .     SeeInvis .   a - +0 mace
rCold    . . .     Gourm    .   (no shield)
rNeg     . . .     Faith    .   b - +0 robe
rPois    .         Spirit   .   (helmet restricted)
rElec    .         Reflect  .   (no cloak)
rCorr    .         Harm     .   (gloves unavailable)
MR       .....                  (boots unavailable)
Stlth    ++........             (no amulet)
HPRegen  0.13/turn              (no ring)
MPRegen  0.08/turn              (no ring)

@: lethally poisoned (0 -> -5), hasted, very quick
A: unfitting armour, tough skin 1
a: no special abilities


Innate Abilities, Weirdness & Mutations

You are too large for most types of armour.
You have tough skin. (AC +1)


   Skills:
 - Level 4.0 Fighting
 + Level 3.9 Maces & Flails
 - Level 2.6 Dodging
 - Level 1.4 Stealth


You had 2 spell levels left.
You didn't know any spells.

Skill      XL: |  1 |
---------------+----+-----
Maces & Flails | 3 |  3.9
Fighting       | |  4.0
Dodging        | |  2.6
Stealth        | |  1.4

Action                   || total
-------------------------++-------
Melee: Mace              ||    61
  Use: Potion            ||     1
 Stab: Sleeping          ||     2
Armor: Robe              ||    24
Dodge: Dodged            ||    43

Inventory:

Hand Weapons
 a - a +0 mace (weapon)
Armour
 b - a +0 robe (worn)
 g - a +0 large shield
   (You found it on level 1 of the Dungeon)
Scrolls
 d - a scroll of identify {unknown}
 e - a scroll of blinking {unknown}
Comestibles
 c - a bread ration

Dungeon Overview and Level Annotations

Branches:
Dungeon (2/15)

Altars:


You were on level 2 of the Dungeon.
You were not hungry.

You visited 1 branch of the dungeon, and saw 2 of its levels.

You collected 14 gold pieces.


Message History

The kobold shouts!
The kobold closely misses you.
You completely miss the kobold. The kobold hits you but does no damage.
The kobold completely misses you.
You hit the kobold.
You kill the kobold!
No target in view!
No target in view!
No target in view!
You see here a kobold corpse.
All of the chunks of flesh in your inventory have rotted away.
Partly explored, can't reach some places.
Partly explored, can't reach some places.
Partly explored, can't reach some places.
Partly explored, can't reach some places.
Partly explored, can't reach some places.
Partly explored, can't reach some places.
You see here 16 arrows.
There is a stone staircase leading down here.
You climb downwards.
Found a ring mail.
There is a stone staircase leading up here.
Found a stone staircase leading up.
An adder comes into view.
The adder hisses angrily.
Found 12 gold pieces.
The adder bites you.
You are poisoned.
The adder poisons you! The adder misses you.
Found a hunting sling.
You take 3 damage, and have 36/39 hp.
You miss the adder.
You feel sick. The adder bites you.
You take 5 damage, and have 31/39 hp.
You barely miss the adder. The adder bites you.
You are more poisoned.
The adder poisons you! The adder bites you.
You take 4 damage, and have 27/39 hp.
You miss the adder.
You feel sick. The adder bites you. x2
You are more poisoned.
The adder poisons you!
You take 7 damage, and have 20/39 hp.
You miss the adder.
You feel sick. The adder bites you but does no damage.
You hit the adder.
You feel sick. The adder bites you.
* * * LOW HITPOINT WARNING * * *
You are lethally poisoned!
The adder poisons you! The adder closely misses you.
You take 3 damage, and have 17/39 hp.
It was a potion of haste.
You feel yourself speed up.
* * * LOW HITPOINT WARNING * * *
You feel sick. The adder misses you.
You take 1 damage, and have 16/39 hp.
You hit the adder.
* * * LOW HITPOINT WARNING * * *
You feel sick. The adder bites you.
* * * LOW HITPOINT WARNING * * *
You take 5 damage, and have 11/39 hp.
You barely miss the adder.
* * * LOW HITPOINT WARNING * * *
You feel sick. The adder bites you but does no damage.
You take 1 damage, and have 10/39 hp.
You barely miss the adder.
* * * LOW HITPOINT WARNING * * *
You feel sick. The adder bites you but does no damage.
You take 1 damage, and have 9/39 hp.
You barely miss the adder.
* * * LOW HITPOINT WARNING * * *
You feel sick. The adder bites you but does no damage.
You take 1 damage, and have 8/39 hp.
You hit the adder.
You kill the adder!
* * * LOW HITPOINT WARNING * * *
You feel sick.
You take 1 damage, and have 7/39 hp.
You aren't carrying any potions.
* * * LOW HITPOINT WARNING * * *
You feel sick.
You take 1 damage, and have 6/39 hp.
There is a lethal amount of poison in your body!
* * * LOW HITPOINT WARNING * * *
You feel sick.
* * * LOW HITPOINT WARNING * * *
You feel sick.
You take 1 damage, and have 5/39 hp.
* * * LOW HITPOINT WARNING * * *
You feel sick.
You take 1 damage, and have 4/39 hp.
* * * LOW HITPOINT WARNING * * *
You feel sick.
You take 1 damage, and have 3/39 hp.
* * * LOW HITPOINT WARNING * * *
You feel sick.
You take 1 damage, and have 2/39 hp.
* * * LOW HITPOINT WARNING * * *
You feel sick.
You take 1 damage, and have 1/39 hp.
* * * LOW HITPOINT WARNING * * *
You feel sick.
You take 1 damage, and have 1/39 hp.
There is a lethal amount of poison in your body!
Unknown command.
You die...

#.# #.# #+# #.#
####.# #.# ....#
#.# #..## #<#
##...###### #.#
##.....#...######.#
.........#<.....@[#
#.#..###...########
#..# ##### #$)#
...# ###.# #.# #.#
#.#


There were no monsters in sight!

Notes
Turn   | Place    | Note
-------+----------+-------------------------------------------
     0 | D:1      | theanonym the Ogre Monk began the quest for the Orb.
     0 | D:1      | Reached XP level 1. HP: 24/24 MP: 1/1
    92 | D:1      | Reached skill level 3 in Maces & Flails
   134 | D:1      | Reached XP level 2. HP: 32/32 MP: 2/2
   485 | D:1      | Reached XP level 3. HP: 24/39 MP: 3/3
   955 | D:2      | HP: 18/39 [poisoned by an adder]
   960 | D:2      | HP: 8/39 [poisoned by an adder]
   965 | D:2      | HP: 5/39 [poisoned by an adder]
   971 | D:2      | HP: 2/39 [poisoned by an adder]
   976 | D:2      | HP: 1/39 [poisoned by an adder]
   979 | D:2      | Succumbed to an adder's poison

Vanquished Creatures
  An adder (D:2)
  An ooze (D:1)
  2 dart slugs (D:1)
  A leopard gecko (D:1)
  3 bats (D:1)
  A goblin (D:1)
  A hobgoblin (D:1)
  2 frilled lizards (D:1)
  3 kobolds (D:1)
  4 rats (D:1)
19 creatures vanquished.
